BSA
BOSTON REBELS @ FRESNO DEPLORABLES
08/28/2027
 
TOP OF THE 1ST
Boston Rebels batting - Pitching for Fresno Deplorables : RHP Dionisio Penni
Pitching: RHP Dionisio Penni
Batting: RHB Aaron Washington 0-0: Ball
1-0: Called Strike
1-1: Fly out, F6 (Flyball, 56D)
Batting: LHB Bill Wilson 0-0: Ball
1-0: Ball
2-0: Ball
3-0: Called Strike
3-1: Called Strike
3-2: Base on Balls
Batting: LHB Bill Wilson 0-0: Ball
1-0: Ball
2-0: Ball
3-0: Called Strike
3-1: Called Strike
3-2: Strikes out swinging
Bill Wilson steals 2nd base
Batter strikes out.
Batting: LHB Lorenzo Flores 0-0: Foul Ball, location: 2F
0-1: Fly out, F9 (Line Drive, 9)
Top of the 1st over - 0 run(s), 0 hit(s), 0 error(s), 1 left on base; Boston 0 - Fresno 0
BOTTOM OF THE 1ST
Fresno Deplorables batting - Pitching for Boston Rebels : RHP Ki-tong Shiu
Pitching: RHP Ki-tong Shiu
Batting: RHB Dani Vázquez 0-0: SINGLE (Groundball, 6MD)
Batting: LHB Paul Mullins 0-0: Ball
1-0: Called Strike
1-1: Ball
2-1: Grounds into double play, 6-4-3 (Groundball, 6)
Batting: LHB Jeff Daniels 0-0: Foul Ball, location: 2F
0-1: SINGLE (Line Drive, 6)
Batting: LHB Troy Donaldson 0-0: Swinging Strike
0-1: Ball
1-1: Fly out, F9 (Flyball, 9LD)
Bottom of the 1st over - 0 run(s), 2 hit(s), 0 error(s), 1 left on base; Boston 0 - Fresno 0
TOP OF THE 2ND
Boston Rebels batting - Pitching for Fresno Deplorables : RHP Dionisio Penni
Batting: LHB Miguel Rivería 0-0: Ball
1-0: Ball
2-0: Swinging Strike
2-1: Ground out 6-3 (Groundball, 6M)
Batting: LHB Arturo Molina 0-0: Ball
1-0: Swinging Strike
1-1: SINGLE (Flyball, 78S)
Batting: RHB Pedro Rodríguez 0-0: Ball
1-0: Ball
2-0: Foul Ball, location: 2F
2-1: Ball
3-1: Base on Balls
Arturo Molina to second
Batting: LHB Ricardo Brandariz 0-0: Grounds into double play, 4-6-3 (Groundball, 4)
Top of the 2nd over - 0 run(s), 1 hit(s), 0 error(s), 1 left on base; Boston 0 - Fresno 0
BOTTOM OF THE 2ND
Fresno Deplorables batting - Pitching for Boston Rebels : RHP Ki-tong Shiu
Batting: RHB Paco Arellano 0-0: Called Strike
0-1: Ball
1-1: Swinging Strike
1-2: Fly out, F8 (Flyball, 8LM)
Batting: RHB Manolo Román 0-0: Foul Ball, location: 2F
0-1: SINGLE (Line Drive, 78S)
Batting: RHB Aaron Scott 0-0: Foul Ball, location: 2F
0-1: Called Strike
0-2: Strikes out swinging
Batting: RHB Germán Rosales 0-0: Ball
1-0: Ball
2-0: SINGLE (Groundball, 34D)
Manolo Román to second
Runner from 2nd tries for 3rd, SAFE, throw made to third
Batting: LHB Clinton Clark 0-0: Ball
1-0: Called Strike
1-1: Ball
2-1: Ball
3-1: Ground out 3-1 (Groundball, 34S)
Bottom of the 2nd over - 0 run(s), 2 hit(s), 0 error(s), 2 left on base; Boston 0 - Fresno 0
TOP OF THE 3RD
Boston Rebels batting - Pitching for Fresno Deplorables : RHP Dionisio Penni
Batting: RHB Alberto Ramos 0-0: Called Strike
0-1: Foul Ball, location: 2F
0-2: Ball
1-2: Foul Ball, location: 2F
1-2: Foul Ball, location: 2F
1-2: Strikes out swinging
Batting: RHB Aaron Washington 0-0: Ball
1-0: Ball
2-0: Ground out 6-3 (Groundball, 6)
Batting: LHB Bill Wilson 0-0: Called Strike
0-1: Ball
1-1: Ball
2-1: Ball
3-1: Foul Ball, location: 2F
3-2: Foul Ball, location: 2F
3-2: Ground out 6-3 (Groundball, 6D)
Top of the 3rd over - 0 run(s), 0 hit(s), 0 error(s), 0 left on base; Boston 0 - Fresno 0
BOTTOM OF THE 3RD
Fresno Deplorables batting - Pitching for Boston Rebels : RHP Ki-tong Shiu
Batting: RHB Dani Vázquez 0-0: Foul Ball, location: 2F
0-1: Ball
1-1: SINGLE (Line Drive, 7S)
Batting: LHB Paul Mullins 0-0: Ball
1-0: Ball
2-0: Called Strike
2-1: SINGLE (Groundball, 34D)
Dani Vázquez to second
Runner from 2nd tries for 3rd, SAFE, no throw
Batting: LHB Jeff Daniels 0-0: Ball
1-0: Called Strike
1-1: Called Strike
1-2: Fly out, F7 (Flyball, 7S)
Batting: LHB Troy Donaldson 0-0: Ball
1-0: SINGLE (Groundball, 6D)
Dani Vázquez scores
Paul Mullins to second
Batting: RHB Paco Arellano 0-0: Called Strike
0-1: Ball
1-1: Foul Ball, location: 2F
1-2: Grounds into double play, 3-6-3 (Groundball, 34)
Bottom of the 3rd over - 1 run(s), 3 hit(s), 0 error(s), 1 left on base; Boston 0 - Fresno 1
TOP OF THE 4TH
Boston Rebels batting - Pitching for Fresno Deplorables : RHP Dionisio Penni
Batting: LHB Bill Wilson 0-0: Ground out 4-3 (Groundball, 4D)
Batting: LHB Lorenzo Flores 0-0: Foul Ball, location: 2F
0-1: Ball
1-1: Foul Ball, location: 2F
1-2: Strikes out swinging
Batting: LHB Miguel Rivería 0-0: Ball
1-0: Called Strike
1-1: Ball
2-1: Swinging Strike
2-2: Foul Ball, location: 2F
2-2: Strikes out swinging
Top of the 4th over - 0 run(s), 0 hit(s), 0 error(s), 0 left on base; Boston 0 - Fresno 1
BOTTOM OF THE 4TH
Fresno Deplorables batting - Pitching for Boston Rebels : RHP Ki-tong Shiu
Batting: RHB Manolo Román 0-0: Ball
1-0: Called Strike
1-1: Swinging Strike
1-2: Ball
2-2: SINGLE (Flyball, 9S)
Batting: RHB Aaron Scott 0-0: Ball
1-0: Ball
2-0: Ball
3-0: Base on Balls
Manolo Román to second
Batting: RHB Germán Rosales 0-0: Ball
1-0: Called Strike
1-1: Ball
2-1: Foul Ball, location: 2F
2-2: Ball
3-2: Foul Ball, location: 2F
3-2: Foul Ball, location: 2F
3-2: Fly out, F9 (Line Drive, 9D)
Batting: LHB Clinton Clark 0-0: Ball
1-0: Called Strike
1-1: Grounds into double play, 6-4-3 (Groundball, 6)
Bottom of the 4th over - 0 run(s), 1 hit(s), 0 error(s), 1 left on base; Boston 0 - Fresno 1
TOP OF THE 5TH
Boston Rebels batting - Pitching for Fresno Deplorables : RHP Dionisio Penni
Batting: LHB Arturo Molina 0-0: Called Strike
0-1: Foul Ball, location: 2F
0-2: Strikes out looking
Batting: RHB Pedro Rodríguez 0-0: Foul Ball, location: 2F
0-1: Ground out 6-3 (Groundball, 56)
Batting: LHB Ricardo Brandariz 0-0: Called Strike
0-1: Ground out 4-3 (Groundball, 4)
Top of the 5th over - 0 run(s), 0 hit(s), 0 error(s), 0 left on base; Boston 0 - Fresno 1
BOTTOM OF THE 5TH
Fresno Deplorables batting - Pitching for Boston Rebels : RHP Ki-tong Shiu
Batting: RHB Dani Vázquez 0-0: Called Strike
0-1: Ground out 6-3 (Groundball, 6S)
Batting: LHB Paul Mullins 0-0: Foul Ball, location: 2F
0-1: Ball
1-1: Called Strike
1-2: Strikes out swinging
Batting: LHB Jeff Daniels 0-0: SINGLE (Line Drive, 4D)
Batting: LHB Troy Donaldson 0-0: Ball
1-0: Called Strike
1-1: Ball
2-1: Ball
3-1: 2-RUN HOME RUN (Flyball, 8LXD), Distance : 413 ft
Batting: RHB Paco Arellano 0-0: Ball
1-0: Foul Ball, location: 2F
1-1: Foul Ball, location: 2F
1-2: Ball
2-2: Ground out 4-3 (Groundball, 4MD)
Bottom of the 5th over - 2 run(s), 2 hit(s), 0 error(s), 0 left on base; Boston 0 - Fresno 3
TOP OF THE 6TH
Boston Rebels batting - Pitching for Fresno Deplorables : RHP Dionisio Penni
Batting: RHB Alberto Ramos 0-0: Ground out 6-3 (Groundball, 6)
Batting: RHB Aaron Washington 0-0: Reached on error, E3 (Groundball, 34)
Batting: LHB Bill Wilson 0-0: Called Strike
0-1: Ball
1-1: Ground out 4-3 (Groundball, 34)
Aaron Washington to second
Batting: LHB Bill Wilson 0-0: Foul Ball, location: 2F
0-1: Swinging Strike
0-2: Ball
1-2: Strikes out swinging
Top of the 6th over - 0 run(s), 0 hit(s), 1 error(s), 1 left on base; Boston 0 - Fresno 3
BOTTOM OF THE 6TH
Fresno Deplorables batting - Pitching for Boston Rebels : RHP Ki-tong Shiu
Batting: RHB Manolo Román 0-0: Fly out, F9 (Flyball, 89M)
Batting: RHB Aaron Scott 0-0: Fly out, F8 (Flyball, 8LD)
Batting: RHB Germán Rosales 0-0: Ball
1-0: Swinging Strike
1-1: Ground out 1-3 (Groundball, 13)
Bottom of the 6th over - 0 run(s), 0 hit(s), 0 error(s), 0 left on base; Boston 0 - Fresno 3
TOP OF THE 7TH
Boston Rebels batting - Pitching for Fresno Deplorables : RHP Dionisio Penni
Batting: LHB Lorenzo Flores 0-0: Ball
1-0: Ground out 1-3 (Groundball, 15S)
Batting: LHB Miguel Rivería 0-0: Fly out, F8 (Flyball, 89D)
Batting: LHB Arturo Molina 0-0: Ball
1-0: Ball
2-0: Called Strike
2-1: Called Strike
2-2: Fly out, F8 (Flyball, 78M)
Top of the 7th over - 0 run(s), 0 hit(s), 0 error(s), 0 left on base; Boston 0 - Fresno 3
BOTTOM OF THE 7TH
Fresno Deplorables batting - Pitching for Boston Rebels : RHP Ki-tong Shiu
Batting: LHB Clinton Clark 0-0: Foul Ball, location: 2F
0-1: DOUBLE (Groundball, 5L)
Batting: RHB Dani Vázquez 0-0: Called Strike
0-1: Fly out, F7 (Line Drive, 78M)
Batting: LHB Paul Mullins 0-0: Called Strike
0-1: Ball
1-1: Foul Ball, location: 2F
1-2: Ball
2-2: Foul Ball, location: 2F
2-2: Ground out 4-3 (Groundball, 4)
Clinton Clark to third
Batting: LHB Jeff Daniels 0-0: Foul Ball, location: 2F
0-1: Ball
1-1: Ball
2-1: SINGLE (Line Drive, 34D)
Clinton Clark scores
Batting: LHB Troy Donaldson 0-0: Fly out, F9 (Flyball, 9D)
Bottom of the 7th over - 1 run(s), 2 hit(s), 0 error(s), 1 left on base; Boston 0 - Fresno 4
TOP OF THE 8TH
Boston Rebels batting - Pitching for Fresno Deplorables : RHP Dionisio Penni
Batting: RHB Pedro Rodríguez 0-0: Ground out 4-3 (Groundball, 4)
Batting: LHB Ricardo Brandariz 0-0: Called Strike
0-1: Ball
1-1: Ball
2-1: Ground out 4-3 (Groundball, 4)
Batting: RHB Alberto Ramos 0-0: Called Strike
0-1: Called Strike
0-2: Ball
1-2: SINGLE (Groundball, 56S) (infield hit)
Batting: RHB Aaron Washington 0-0: Fly out, F3 (Popup, 3L)
Top of the 8th over - 0 run(s), 1 hit(s), 0 error(s), 1 left on base; Boston 0 - Fresno 4
BOTTOM OF THE 8TH
Fresno Deplorables batting - Pitching for Boston Rebels : RHP Ki-tong Shiu
Batting: RHB Paco Arellano 0-0: Ball
1-0: Foul Ball, location: 2F
1-1: Ball
2-1: Ball
3-1: Fly out, F8 (Flyball, 8RM)
Batting: RHB Manolo Román 0-0: Fly out, F8 (Flyball, 8LS)
Batting: RHB Aaron Scott 0-0: Ball
1-0: Called Strike
1-1: Ball
2-1: Foul Ball, location: 2F
2-2: SINGLE (Flyball, 9LS)
Batting: RHB Germán Rosales 0-0: Ball
Balk!
Aaron Scott to second
1-0: Called Strike
1-1: Ball
2-1: Ball
3-1: Foul Ball, location: 2F
3-2: Base on Balls
Pitching: RHP Dorian Hoskins
Batting: LHB Clinton Clark 0-0: Ball
1-0: Called Strike
1-1: Ball
2-1: Called Strike
2-2: Ball
3-2: Foul Ball, location: 2F
3-2: SINGLE (Groundball, 6M) (infield hit)
Aaron Scott to third
Germán Rosales to second
Batting: RHB Dani Vázquez 0-0: Ball
1-0: Foul Ball, location: 2F
1-1: Ball
2-1: Foul Ball, location: 2F
2-2: Foul Ball, location: 2F
2-2: Ball
3-2: SINGLE (Groundball, 56D)
Aaron Scott scores
Germán Rosales to third
Clinton Clark to second
Germán Rosales scores
Clinton Clark to third
Batting: LHB Paul Mullins 0-0: Swinging Strike
0-1: Ball
1-1: Fly out, F7 (Flyball, 7D)
Bottom of the 8th over - 2 run(s), 3 hit(s), 0 error(s), 2 left on base; Boston 0 - Fresno 6
TOP OF THE 9TH
Boston Rebels batting - Pitching for Fresno Deplorables : RHP Dionisio Penni
Now at C: Teddy Bates
Batting: LHB Bill Wilson 0-0: Ball
1-0: Ball
2-0: Ball
3-0: Called Strike
3-1: Ground out 4-3 (Groundball, 34)
Batting: LHB Bill Wilson 0-0: SINGLE (Line Drive, 7S)
Batting: LHB Lorenzo Flores 0-0: Ball
1-0: Ball
2-0: Foul Ball, location: 2F
2-1: Called Strike
2-2: Ball
3-2: Fly out, F8 (Flyball, 8LS)
Batting: LHB Miguel Rivería 0-0: Swinging Strike
0-1: Foul Ball, location: 2F
0-2: Strikes out swinging
Top of the 9th over - 0 run(s), 1 hit(s), 0 error(s), 1 left on base; Boston 0 - Fresno 6
Thursday, March 30th, 2017 - OOTP Baseball 17.12 Build 75